 Dungeon Crawl Stone Soup version 0.27.1 (webtiles) character file.

Game seed: 5320761022450173363

2796 Malachi the Charlatan (level 9, -6/75 HPs)
             Began as a Naga Monk on Aug 25, 2021.
             Was an Elder of Nemelex Xobeh.
             Mangled by an orc warrior (19 damage)
             ... on level 7 of the Dungeon.
             The game lasted 00:11:51 (7752 turns).

Malachi the Charlatan (Naga Monk)                   Turns: 7752, Time: 00:11:52

Health: -6/75      AC:  6    Str: 14    XL:     9   Next: 71%
Magic:  0/12       EV: 10    Int: 19    God:    Nemelex Xobeh [****..]
Gold:   288        SH:  0    Dex: 14    Spells: 3/8 levels left

rFire    + . .     SeeInvis +   n - +4 dagger (elec)
rCold    . . .     Faith    .   (no shield)
rNeg     . . .     Spirit   +   j - +2 leather armour {rF+}
rPois    +         Reflect  .   (no helmet)
rElec    .         Harm     .   s - scarf {+Inv}
rCorr    +         Rampage  .   (no gloves)
Will     +....                  (no barding)
Stlth    +++.......             f - amulet of guardian spirit
HPRegen  0.22/turn              v - ring of resist corrosion
MPRegen  0.13/turn              k - +6 ring of intelligence

@: very slow
A: AC +3, large, see invisible, deformed body, poison resistance, slowness 2,
spit poison 1, naga tail 1
a: Spit Poison, Renounce Religion, Evoke Invisibility, Draw Escape, Draw
Destruction, Draw Summoning, Triple Draw, Deal Four


You were on level 7 of the Dungeon.
You worshipped Nemelex Xobeh.
Nemelex Xobeh was greatly pleased with you.
You visited 1 branch of the dungeon, and saw 7 of its levels.

You collected 288 gold pieces.

Inventory:

Hand Weapons
 n - a +4 dagger of electrocution (weapon)
Missiles
 h - 28 poisoned darts (quivered)
 i - 2 javelins
 z - 2 throwing nets
Armour
 j - a +2 leather armour of fire resistance (worn)
 s - a scarf of invisibility (worn)
 A - a +0 cloak
 D - the +9 plate armour of Imperfection {Str+7}
   (You found it on level 7 of the Dungeon)

   Str:       It affects your strength (+7).
Jewellery
 f - an amulet of guardian spirit (around neck)
 k - a +6 ring of intelligence (right hand)
 v - a ring of resist corrosion (left hand)
 x - the amulet "Batoq" {Faith rF- rCorr Str-4 Int+3}
   (You found it on level 5 of the Dungeon)

   [amulet of faith]

   It allows you to gain divine favour quickly.
   Str:       It affects your strength (-4).
   Int:       It affects your intelligence (+3).
   rF:        It makes you vulnerable to fire.
   rCorr:     It protects you from acid and corrosion.
Wands
 a - a wand of paralysis (13)
 y - a wand of digging (3)
Scrolls
 c - a scroll of magic mapping
 p - 2 scrolls of identify
 q - a scroll of brand weapon {unknown}
 r - 2 scrolls of fog
 B - a scroll of blinking
 C - a scroll of holy word {unknown}
Potions
 b - a potion of brilliance {unknown}
 d - 2 potions of flight {unknown}
 e - 2 potions of heal wounds
 g - a potion of degeneration {unknown}
 l - a potion of haste {unknown}
 m - a potion of curing {unknown}
 o - a potion of lignification {unknown}
 t - a potion of berserk rage {unknown}
 u - a potion of cancellation {unknown}
 w - 2 potions of mutation {unknown}


   Skills:
 - Level 3.0 Fighting
 - Level 4.4 Short Blades
 - Level 0.2(0.5) Polearms
 - Level 0.9(1.0) Staves
 - Level 3.4 Throwing
 - Level 1.4 Armour
 - Level 2.4 Dodging
 + Level 5.9 Stealth
 - Level 5.0 Unarmed Combat
 - Level 3.9 Hexes
 - Level 4.1 Ice Magic
 - Level 5.0 Invocations
 * Level 6.0 Evocations


You had 3 spell levels left.
You knew the following spells:

 Your Spells              Type           Power      Damage    Failure   Level
a - Ensorcelled Hibernat  Hex/Ice        30%        N/A       8%          2
b - Tukima's Dance        Hex            15%        N/A       16%         3

Your spell library contained the following spells:

 Spells                   Type           Power      Damage    Failure   Level
 Corona                   Hex            16%        N/A       4%          1
 Summon Guardian Golem    Hex/Summ       7%         N/A       34%         3
 Metabolic Englaciation   Hex/Ice        7%         N/A       80%         5
 Petrify                  Tmut/Erth      0%         N/A       94%         4
 Statue Form              Tmut/Erth      0%         N/A       100%        6
 Orb of Destruction       Conj           0%         N/A       100%        7
 Spellforged Servitor     Conj/Summ      0%         N/A       100%        7


Dungeon Overview and Level Annotations

Branches:
Dungeon (7/15)             Temple (0/1) D:6

Altars:
Nemelex Xobeh
Vehumet

Shops:
D:3 *   D:4 ?   D:5 !


Innate Abilities, Weirdness & Mutations

Your serpentine skin is tough. (AC +3)
You have supernaturally acute eyesight. (SInv)
Armour fits poorly on your strangely shaped body.
Your system is resistant to poisons. (rPois)
You cover ground very slowly.
You can spit poison.
You have a snake-like lower body.


Message History

You draw a card...
You have drawn the Tomb.
Walls emerge from the floor!
The bullfrog skeleton barely misses you.
The bullfrog skeleton hits you.
The orc warrior hits you from afar with a +0 halberd!!
The bullfrog skeleton hits you.
The orc warrior hits you but does no damage.
You draw a card...
You have drawn the Tomb.
Nothing appears to happen.
The bullfrog skeleton hits you.
The orc warrior hits you from afar with a +0 halberd!
Unknown command.
Okay, then.
Aiming: Dig
Press: ? - help, Shift-Dir - straight line, p - white imp A rock wall.
The rock shatters into small pieces.
The bullfrog skeleton hits you but does no damage. x2
The orc warrior barely misses you.
The walls disappear prematurely!
The bullfrog skeleton barely misses you.
The white imp shouts, "Crawl home, thou puny beetle-headed scut!"
The bullfrog skeleton hits you.
You draw a card...
You have drawn Velocity.
The bullfrog skeleton seems to slow down.
The white imp seems to slow down.
The orc warrior hits you from afar with a +0 halberd!
The bullfrog skeleton hits you.
* * * LOW HITPOINT WARNING * * *
You draw a card...
You have drawn Exile.
The white imp is devoured by a tear in reality.
The orc warrior hits you from afar with a +0 halberd!
* * * LOW HITPOINT WARNING * * *
The bullfrog skeleton closely misses you.
Your Evocations skill increases to level 6!
Aiming: Paralyse
Press: ? - help, Shift-Dir - straight line, f - orc warrior
Aim: an orc warrior, wielding a +0 halberd and wearing a +0 chain mail (chance to affect: 64%)
The orc warrior struggles to resist.
The orc warrior hits you from afar with a +0 halberd!!
You die...
Your body glows slightly and disappears.

#...).# #...).. #
##....)) .## #....... ..#
######.#.....
#.####......#.###.
#.#....####...###. ##
#.......# #...##.. #.
##@##.##.# #...##)#
##.###..##.# .# #...##..
##..#.o.....# .# #.......
#....Z......# .# ###.....
####..####...#..####.....
#§§§.# .....#..>.......
#§#### .##.......###....
#.# .# ..####........( ##
#.# ## ... .........<


You could see an orc warrior and a bullfrog skeleton (slow).

Vanquished Creatures
  A two-headed ogre (D:5)
  A centaur zombie (D:7)
  Duvessa (D:4)
  A sky beast (D:6)
  2 necrophages
  An ice beast (D:5)
  A black bear (D:6)
  2 phantoms
  A scorpion (D:7)
  A wyvern zombie (D:7)
  Dowan (D:4)
  A water moccasin zombie (D:5)
  4 wights (D:7)
  5 orc priests
  5 hounds
  An iguana (D:5)
  2 orc wizards
  3 gnolls (D:7)
  10 adders
  An ufetubus (D:7)
  2 dart slugs
  16 orcs
  10 ball pythons
  10 endoplasms
  2 giant cockroaches (D:2)
  3 goblins
  8 hobgoblins
  8 jackals
  7 kobolds
  3 quokkas
  6 bats
  4 frilled lizards
  6 rats
130 creatures vanquished.

Vanquished Creatures (collateral kills)
  An ice beast (D:5)
  A gnoll shaman (D:7)
  6 gnolls
  A hobgoblin (D:4)
9 creatures vanquished.

Grand Total: 139 creatures vanquished

Notes
Turn   | Place    | Note
-------+----------+-------------------------------------------
     0 | D:1      | Malachi the Naga Monk began the quest for the Orb.
     0 | D:1      | Reached XP level 1. HP: 21/21 MP: 1/1
   334 | D:1      | Reached XP level 2. HP: 28/28 MP: 2/2
  1396 | D:1      | Reached XP level 3. HP: 25/34 MP: 3/3
  1713 | D:1      | Found a faded altar of an unknown god.
  1731 | D:1      | Became a worshipper of Nemelex Xobeh the Trickster
  1731 | D:1      | Reached * piety under Nemelex Xobeh
  1731 | D:1      | Received a gift from Nemelex Xobeh
  1731 | D:1      | Reached ** piety under Nemelex Xobeh
  1731 | D:1      | Received a gift from Nemelex Xobeh
  2353 | D:2      | Reached XP level 4. HP: 42/42 MP: 4/4
  3142 | D:3      | Reached *** piety under Nemelex Xobeh
  3235 | D:3      | Found Ruomnait's General Store.
  3628 | D:3      | Found a radiant altar of Vehumet.
  3758 | D:3      | Reached skill level 1 in Throwing
  3758 | D:3      | Reached skill level 5 in Unarmed Combat
  3758 | D:3      | Reached skill level 1 in Invocations
  3758 | D:3      | Reached XP level 5. HP: 45/49 MP: 5/5
  3916 | D:4      | Noticed Duvessa
  3920 | D:4      | Noticed Dowan
  3921 | D:4      | Killed Duvessa
  3922 | D:4      | Reached XP level 6. HP: 56/56 MP: 7/7
  3922 | D:4      | Killed Dowan
  3923 | D:4      | Reached skill level 1 in Armour
  4345 | D:4      | Found Lyst's Magic Scroll Shop.
  4419 | D:4      | Reached XP level 7. HP: 62/62 MP: 9/9
  4491 | D:4      | Learned a level 2 spell: Ensorcelled Hibernation
  5011 | D:5      | Entered Level 5 of the Dungeon
  5049 | D:5      | Reached skill level 1 in Short Blades
  5049 | D:5      | Reached skill level 1 in Hexes
  5049 | D:5      | Reached skill level 1 in Ice Magic
  5099 | D:5      | Found Ucirun's Distillery.
  5159 | D:5      | Reached skill level 1 in Evocations
  5428 | D:5      | Received a gift from Nemelex Xobeh
  5476 | D:5      | Identified the amulet "Batoq" {Faith rF- rCorr Str-4 Int+3}
  5891 | D:5      | Reached XP level 8. HP: 68/69 MP: 8/10
  5912 | D:5      | Noticed a two-headed ogre
  5919 | D:5      | Killed a two-headed ogre
  5920 | D:5      | Reached skill level 2 in Evocations
  5981 | D:5      | Reached **** piety under Nemelex Xobeh
  5999 | D:5      | Reached skill level 3 in Evocations
  6351 | D:5      | Reached XP level 9. HP: 50/75 MP: 7/12
  6581 | D:5      | Reached skill level 5 in Invocations
  6762 | D:6      | Reached skill level 4 in Evocations
  6815 | D:6      | Received a gift from Nemelex Xobeh
  7133 | D:6      | Found a staircase to the Ecumenical Temple.
  7307 | D:7      | Reached skill level 5 in Stealth
  7307 | D:7      | Reached skill level 5 in Evocations
  7311 | D:7      | Learned a level 3 spell: Tukima's Dance
  7618 | D:7      | Identified the +9 plate armour of Imperfection {Str+7}
  7750 | D:7      | Reached skill level 6 in Evocations
  7752 | D:7      | Mangled by an orc warrior

Illustrated notes

Levels and vault maps discovered:
D:1:      scummos_arrival_forest, layout_loops_cross,
          hellmonk_ecumenical_altar_run_dry
D:2:      layout_loops_ring
D:3:      layout_rooms, old_standard_altar, serial_shops, shop
D:4:      minmay_razor_zed, layout_rooms, serial_corexii_hall,
          chequers_hall_statues_wall_a, corexii_hall_statues_x, serial_shops,
          shop, uniq_duvessa
D:5:      layout_basic, serial_shops, shop
D:6:      layout_rooms, temple_hall_moat
D:7:      layout_rooms, hangedman_abyss_or_decor_lesser_grid

Skill      XL: |  1  2  3  4  5  6  7  8  9 |
---------------+----------------------------+-----
Unarmed Combat | 4 5 |  5.0
Throwing       | 1 2 3 |  3.4
Invocations    | 1 2 3 4 5 |  5.0
Armour         | 1 |  1.4
Short Blades   | 2 4 |  4.4
Hexes          | 2 3 |  3.9
Ice Magic      | 2 3 4 |  4.1
Evocations     | 1 3 6 |  6.0
Stealth        | 5 |  5.9
Fighting       | |  3.0
Polearms       | |  0.2
Staves         | |  0.9
Dodging        | |  2.4

Action                   |  1- 3 |  4- 6 |  7- 9 || total
-------------------------+-------+-------+-------++-------
Melee: Unarmed           |   109 |    79 |       ||   188
       Punch             |     1 |       |     4 ||     5
       Dagger            |       |    29 |   225 ||   254
Throw: Dart              |    20 |    29 |       ||    49
       Javelin           |       |     7 |       ||     7
Invok: Draw Destruction  |       |     3 |    13 ||    16
       Draw Summoning    |       |     1 |     2 ||     3
       Draw Escape       |       |       |     5 ||     5
 Abil: Spit Poison       |     5 |     3 |     4 ||    12
Evoke: Wand              |       |       |     2 ||     2
  Use: Scroll            |       |     5 |     6 ||    11
       Potion            |       |       |     1 ||     1
 Stab: Sleeping          |     9 |       |     1 ||    10
Armor: Robe              |    22 |     5 |       ||    27
       Leather armour    |       |    17 |   105 ||   122
Dodge: Dodged            |    62 |    59 |   150 ||   271
